 Dungeon Crawl Stone Soup version 0.19-a0-805-g0a78ef0 (webtiles) character file.

54702 TheGoonsmith the Destroyer (level 14, -10/107 HPs)
             Began as a Pale Draconian Conjurer on June 27, 2016.
             Was the Champion of Vehumet.
             Killed from afar by Azrael (17 damage)
             ... with a fireball
             ... on level 2 of the Orcish Mines.
             The game lasted 01:06:44 (25066 turns).

TheGoonsmith the Destroyer (DrCj)                  Turns: 25066, Time: 01:06:45

Health: -10/107    AC: 13    Str: 10    XL:     14   Next: 35%
Magic:  17/29      EV: 20    Int: 20    God:    Vehumet [******]
Gold:   1357       SH:  0    Dex: 13    Spells: 8 memorised, 3 levels left

rFire  + . .     SeeInvis +     a - +10 war axe of Doom {elec, *Corrode rPois rC++ SInv}
rCold  + + +     Gourm    .     (armour unavailable)
rNeg   . . .     Faith    +     O - +2 buckler
rPois  +         Spirit   .     Y - +2 hat
rElec  +         Dismiss  .     o - +2 cloak {+Inv}
rCorr  +         Reflect  .     (no gloves)
SustAt .         Harm     .     (no boots)
MR     +....                    g - amulet of faith
Stlth  +.........               u - +3 ring of evasion
                                W - ring of see invisible

@: confused, resistant, somewhat resistant to hostile enchantments, very
unstealthy
A: breathe steam, unfitting armour, cold-blooded, AC +8
a: Breathe Steam, Renounce Religion, Evoke Invisibility


You were on level 2 of the Orcish Mines.
You worshipped Vehumet.
Vehumet was exalted by your worship.
You were very hungry.

You visited 4 branches of the dungeon, and saw 19 of its levels.
You also visited: Ossuary.

You collected 1357 gold pieces.

Inventory:

Hand Weapons
 a - the +10 war axe of Doom (weapon) {elec, *Corrode rPois rC++ SInv}
   (You found it on level 7 of the Dungeon)

   Occasionally, upon striking a foe, it will discharge some electrical energy
   and cause terrible harm.
   It greatly protects you from cold.
   It protects you from poison.
   It lets you see invisible.
   It may corrode you when you take damage.
Armour
 o - a +2 cloak of invisibility (worn)
 O - a +2 buckler (worn)
 Y - a +2 hat (worn)
Magical Staves
 b - an uncursed staff of conjuration
Jewellery
 g - an amulet of faith (around neck)
 u - a +3 ring of evasion (right hand)
 W - a ring of see invisible (left hand)
Wands
 c - a wand of acid (6/15)
 n - a wand of random effects (23/48)
 s - a wand of flame (21/48)
 B - a wand of random effects (31/48)
 E - a wand of iceblast (8/15)
Scrolls
 j - 3 scrolls of recharging
 l - 3 scrolls of amnesia
 r - 14 scrolls of identify
 t - 3 scrolls of fog
 w - a scroll of enchant weapon
 K - a scroll of magic mapping
Potions
 e - 2 potions of cancellation
 f - 4 potions of lignification
 h - 3 potions of curing
 i - 2 potions of flight
 p - 2 potions of brilliance
 D - 2 potions of cure mutation
Miscellaneous
 H - a fan of gales
Comestibles
 d - 8 chunks of flesh
 m - 35 fruits
 y - 10 bread rations
 S - 7 royal jellies


   Skills:
 - Level 5.0 Fighting
 - Level 8.1 Dodging
 - Level 1.7 Stealth
 - Level 5.0 Shields
 + Level 11.6 Spellcasting
 * Level 12.2 Conjurations
 - Level 4.5 Hexes
 - Level 6.0 Charms
 * Level 5.0 Summonings
 - Level 7.5 Ice Magic
 - Level 10.4 Air Magic


You had 3 spell levels left.
You knew the following spells:

 Your Spells              Type           Power        Failure   Level  Hunger
a - Magic Dart            Conj           ####         1%          1    None
b - Searing Ray           Conj           ######       1%          2    None
c - Fulminant Prism       Conj/Hex       #####.....   1%          4    #......
d - Freezing Cloud        Conj/Ice/Air   ######....   4%          6    ######.
e - Spellforged Servitor  Conj/Summ      #####.....   58%         7    #######
f - Lightning Bolt        Conj/Air       ######....   1%          5    ####...
s - Static Discharge      Conj/Air       ######..     1%          3    None
z - Iskenderun's Battles  Conj/Chrm      #####...     1%          5    ####...


Dungeon Overview and Level Annotations

Branches:
Dungeon (10/15)            Temple (1/1) D:5            Lair (6/6) D:9
  Swamp (0/4) Lair:2       Spider (0/4) Lair:3        Slime (0/5) Lair:5
    Orc (2/2) D:9             Elf (0/3) Orc:2

Altars:
Ashenzari
Cheibriados
Dithmenos
Fedhas
Gozag
Kikubaaqudgha
Makhleb
Nemelex Xobeh
Okawaru
Qazlal
Ru
Trog
Uskayaw
Vehumet
Xom
Yredelemnul
Zin
The Shining One

Annotations:
D:10 Oroborous's ghost, novice DsMo; Urug
Lair:5 exclusion: 3 oklob plants
Orc:2 Azrael


Innate Abilities, Weirdness & Mutations

You can breathe blasts of scalding, opaque steam.
Your pale cyan-grey scales are hard. (AC +8)
Your body does not fit into most forms of armour.
You are cold-blooded and may be slowed by cold attacks.


Message History

You feel protected.
The hell hound bites you but does no damage.
Azrael is engulfed in freezing vapours.
Okay, then.
You feel better. The hell hound barely misses you. Azrael gestures at you.
The fireball explodes!
The fireball engulfs you! You resist.
* * * LOW HITPOINT WARNING * * *
The fireball engulfs the hell hound.
The hell hound completely resists.
The fireball engulfs Azrael.
Azrael completely resists.
The hell hound misses you.
Okay, then.
Evoke which item? (* to show all) (? for menu, Esc to quit)
Okay, then.
Okay, then.
You are confused.
You feel invigorated. The hell hound completely misses you.
Azrael gestures at your battlesphere.
The fireball explodes!
The fireball engulfs you! You resist.
You die...

.#..................##...........
....................#...#......#.
........................##....##
............................###
.........#..................#
..<.............*..........##
....................#......#
...................#........#
.....<.........h@............#
...............$R.............
.............§§§§§§.......#..
...........§§§§§§§#..##..#.
...........§§§h§§§........
...........§...§§§§..#..
$........#.....§§§......
....$...§.....§§.§.....
..§.§..........


You could see Azrael, 2 hell hounds and a friendly battlesphere.

Vanquished Creatures
  Rupert (Lair:4)
  Gastronok (Lair:3)
  Kirke (Lair:3)
  5 dire elephants (Lair:6)
  Snorg (Lair:3)
  Harold (Lair:3)
  An anaconda (Lair:6)
  5 hydras
  5 death yaks (Lair:4)
  Nergalle (Lair:2)
  A hill giant (D:7)
  The ghost of hoot the Cudgeler, a novice VSBe of Trog (D:7)
  6 black mambas
  Psyche (D:9)
  7 elephants
  A torpor snail (Lair:5)
  12 spiny frogs
  3 rime drakes (Lair:6)
  6 komodo dragons
  3 jumping spiders (Lair:3)
  2 polar bears
  A queen bee (Lair:3)
  3 trolls
  8 blink frogs
  A boulder beetle (Lair:5)
  A slime creature (Lair:5)
  22 yaks
  7 redbacks (Lair:3)
  A hungry ghost (D:7)
  4 fire elementals (Orc:2)
  3 hogs (Lair:4)
  3 basilisks
  A steam dragon (D:9)
  9 hippogriffs
  5 wargs
  9 water moccasins
  2 hell hounds (Orc:2)
  7 porcupines
  9 orc warriors
  3 sky beasts
  A wasp (D:8)
  3 phantoms
  A black bear (D:8)
  16 wolves
  A centaur (D:5)
  10 ogres
  12 crocodiles
  22 giant frogs
  A wyvern zombie (Ossuary)
  8 scorpions
  31 killer bees
  A howler monkey (D:5)
  8 wights
  An electric eel (Lair:2)
  5 crimson imps
  2 quasits
  3 giant frog zombies
  2 centaur zombies
  A jelly (D:6)
  2 hounds
  A gnoll shaman (D:8)
  13 orc priests
  16 orc wizards
  7 iguanas
  2 giant frog skeletons
  4 worker ants
  29 sheep
  A hound zombie (Ossuary)
  13 mummies
  2 worker ant zombies (Ossuary)
  Robin (D:4)
  A howler monkey zombie (D:7)
  9 gnolls
  11 adders
  45 river rats
  4 shadow imps
  An ooze (D:3)
  3 adder zombies
  2 worms
  3 dart slugs
  6 giant geckos
  50 orcs
  5 giant cockroaches
  16 goblins
  14 hobgoblins
  13 jackals
  7 quokkas
  A ball python (D:2)
  14 bats
  A giant gecko skeleton (D:7)
  A giant gecko zombie (Ossuary)
  7 giant newts
  2 jackal skeletons
  8 kobolds
  2 quokka zombies (Ossuary)
  8 rats
  3 fungi
  6 plants
627 creatures vanquished.

Vanquished Creatures (others)
  A human (Lair:4)
  A bush (Lair:3)
  60 fulminant prisms
  42 fungi
  23 plants
  2 withered plants (Ossuary)
129 creatures vanquished.

Grand Total: 756 creatures vanquished

Notes
Turn   | Place    | Note
--------------------------------------------------------------
     0 | D:1      | TheGoonsmith the Draconian Conjurer began the quest for the Orb.
     0 | D:1      | Reached XP level 1. HP: 14/14 MP: 3/3
   219 | D:1      | Reached XP level 2. HP: 13/20 MP: 0/5
   488 | D:1      | Learned a level 2 spell: Searing Ray
   916 | D:1      | Reached XP level 3. HP: 26/26 MP: 3/6
  1369 | D:2      | Found an opulent altar of Gozag.
  1369 | D:2      | Found a bloodstained altar of Trog.
  1369 | D:2      | Found a sacrificial altar of Ru.
  1668 | D:2      | Reached skill level 5 in Conjurations
  1748 | D:2      | Reached XP level 4. HP: 33/33 MP: 3/8
  1857 | D:2      | Found a shimmering altar of Xom.
  2085 | D:3      | Found a burning altar of Makhleb.
  2087 | D:3      | Found a glowing silver altar of Zin.
  2087 | D:3      | Noticed an angel
  2125 | D:3      | Noticed a blizzard demon
  2219 | D:3      | Found a hide-covered altar of Uskayaw.
  2219 | D:3      | Found a sparkling altar of Nemelex Xobeh.
  2221 | D:3      | Found a blossoming altar of Fedhas.
  2684 | D:3      | Learned a level 4 spell: Fulminant Prism
  2748 | D:3      | Found a snail-covered altar of Cheibriados.
  2885 | D:4      | Noticed Robin
  3043 | D:4      | Noticed a phantom
  3162 | D:4      | Reached XP level 5. HP: 38/38 MP: 4/9
  3189 | D:5      | Entered Level 5 of the Dungeon
  3340 | D:5      | Reached skill level 1 in Hexes
  3579 | D:5      | Reached skill level 6 in Conjurations
  3579 | D:5      | Reached XP level 6. HP: 31/45 MP: 6/11
  3787 | D:5      | Found a staircase to the Ecumenical Temple.
  3792 | Temple   | Entered the Ecumenical Temple
  3892 | Temple   | Became a worshipper of Vehumet
  3989 | D:5      | Your scales start taking on a pale cyan-grey colour.
  3989 | D:5      | Reached XP level 7. HP: 11/50 MP: 7/12
  3996 | D:5      | Learned a level 5 spell: Iskenderun's Battlesphere
  4473 | D:4      | Reached skill level 7 in Conjurations
  4597 | D:4      | Reached * piety under Vehumet
  4597 | D:4      | Offered knowledge of Shock by Vehumet.
  4621 | D:4      | Killed Robin
  5199 | D:5      | Reached XP level 8. HP: 53/57 MP: 9/14
  5324 | D:5      | Found a stormy altar of Qazlal.
  5448 | D:5      | Reached skill level 1 in Charms
  5701 | D:5      | Offered knowledge of Sting by Vehumet.
  5729 | D:5      | Reached ** piety under Vehumet
  5800 | D:6      | Reached skill level 8 in Conjurations
  6332 | D:6      | Reached skill level 5 in Spellcasting
  6885 | D:6      | Found a shadowy altar of Dithmenos.
  7198 | D:6      | Reached XP level 9. HP: 56/62 MP: 12/16
  7272 | D:6      | Reached skill level 9 in Conjurations
  7272 | D:6      | Offered knowledge of Static Discharge by Vehumet.
  7774 | D:6      | Learned a level 3 spell: Static Discharge
  7814 | D:7      | Noticed hoot's ghost (novice VSBe)
  7836 | D:7      | Killed hoot's ghost
  7843 | D:7      | Reached *** piety under Vehumet
  8162 | D:7      | Reached skill level 5 in Charms
  8328 | D:7      | Got a jewelled war axe
  8331 | D:7      | Identified the +10 war axe of Doom {elec, *Corrode rPois rC++ SInv} (You found it on level 7 of the Dungeon)
  8595 | D:7      | Offered knowledge of Throw Icicle by Vehumet.
  8833 | D:7      | Reached skill level 10 in Conjurations
  8944 | D:7      | Noticed a hill giant
  8959 | D:7      | Killed a hill giant
  8959 | D:7      | Reached **** piety under Vehumet
  8959 | D:7      | Reached XP level 10. HP: 69/69 MP: 1/19
  9200 | D:8      | Offered knowledge of Ignite Poison by Vehumet.
  9316 | D:8      | Found a sand-covered staircase.
  9327 | Ossuary  | Entered an ossuary
  9748 | Ossuary  | Reached ***** piety under Vehumet
  9748 | Ossuary  | Reached skill level 5 in Dodging
  9791 | Ossuary  | Offered knowledge of Lightning Bolt by Vehumet.
  9913 | Ossuary  | Learned a level 5 spell: Lightning Bolt
  9923 | D:8      | You fall through a shaft for 2 floors!
  9923 | D:10     | Entered Level 10 of the Dungeon
  9953 | D:10     | Noticed Urug
  9988 | D:10     | Noticed Oroborous's ghost (novice DsMo)
 10303 | D:9      | Found a staircase to the Orcish Mines.
 10645 | D:9      | Found a staircase to the Lair.
 11101 | D:9      | Noticed Psyche
 11107 | D:9      | Killed Psyche
 11459 | Lair:1   | Entered Level 1 of the Lair of Beasts
 11506 | Lair:1   | Reached skill level 1 in Shields
 11848 | Lair:1   | Noticed a spiny frog
 11854 | Lair:1   | Killed a spiny frog
 11854 | Lair:1   | Reached XP level 11. HP: 33/74 MP: 16/20
 12563 | Lair:2   | Noticed Nergalle
 12571 | Lair:2   | Killed Nergalle
 12984 | Lair:2   | Reached skill level 5 in Shields
 13195 | Lair:2   | Found a staircase to the Swamp.
 13216 | Lair:2   | Reached skill level 1 in Fighting
 13821 | Lair:2   | Offered knowledge of Bolt of Cold by Vehumet.
 13976 | Lair:3   | Noticed a six-headed hydra
 13983 | Lair:3   | Killed a six-headed hydra
 14102 | Lair:3   | Reached skill level 5 in Fighting
 14245 | Lair:3   | Noticed Harold
 14261 | Lair:3   | Killed Harold
 14405 | Lair:3   | Found a hole to the Spider Nest.
 14665 | Lair:3   | Noticed an eight-headed hydra
 14675 | Lair:3   | Killed an eight-headed hydra
 14675 | Lair:3   | Reached XP level 12. HP: 28/94 MP: 13/25
 14895 | Lair:3   | Reached skill level 5 in Air Magic
 15026 | Lair:3   | Noticed Snorg
 15031 | Lair:3   | Killed Snorg
 15201 | Lair:3   | Noticed Gastronok
 15210 | Lair:3   | Killed Gastronok
 16102 | Lair:3   | Reached skill level 10 in Spellcasting
 16323 | Lair:4   | Identified a scroll of acquirement
 16326 | Lair:4   | Identified a +0 rod of inaccuracy (14/14) (You found it on level 3 of the Lair of Beasts)
 16524 | Lair:3   | Offered knowledge of Freezing Cloud by Vehumet.
 16535 | Lair:3   | Learned a level 6 spell: Freezing Cloud
 17013 | Lair:4   | Noticed a death yak
 17014 | Lair:4   | Noticed an eight-headed hydra
 17014 | Lair:4   | Noticed a death yak
 17017 | Lair:4   | Noticed a death yak
 17018 | Lair:4   | Noticed a death yak
 17022 | Lair:4   | Noticed a death yak
 17024 | Lair:4   | Killed an eight-headed hydra
 17024 | Lair:4   | Reached skill level 1 in Ice Magic
 17028 | Lair:4   | Killed a death yak
 17055 | Lair:4   | Killed a death yak
 17062 | Lair:4   | Killed a death yak
 17065 | Lair:4   | Killed a death yak
 17075 | Lair:4   | Killed a death yak
 17217 | Lair:4   | Noticed Kirke
 17224 | Lair:4   | Noticed a sphinx
 17268 | Lair:4   | Noticed Rupert
 17448 | Lair:3   | Killed Kirke
 17448 | Lair:3   | Reached XP level 13. HP: 100/100 MP: 10/27
 17684 | Lair:4   | Paralysed by Rupert for 5 turns
 17750 | Lair:4   | Killed Rupert
 18407 | Lair:4   | Reached skill level 5 in Ice Magic
 18469 | Lair:5   | Found a staircase to the Slime Pits.
 19222 | Lair:5   | Offered knowledge of Poisonous Cloud by Vehumet.
 19983 | Lair:6   | Entered Level 6 of the Lair of Beasts
 20001 | Lair:6   | Reached skill level 10 in Air Magic
 20017 | Lair:6   | Reached skill level 11 in Conjurations
 21404 | Lair:6   | Offered knowledge of Spellforged Servitor by Vehumet.
 21419 | Lair:6   | Learned a level 7 spell: Spellforged Servitor
 21693 | Lair:6   | Reached skill level 1 in Summonings
 22223 | Lair:6   | Noticed a dire elephant
 22229 | Lair:6   | Killed a dire elephant
 22229 | Lair:6   | Reached XP level 14. HP: 19/107 MP: 6/29
 23894 | Lair:6   | Reached skill level 12 in Conjurations
 24133 | Orc:1    | Entered Level 1 of the Orcish Mines
 24531 | Orc:1    | Reached ****** piety under Vehumet
 24533 | Orc:1    | Offered knowledge of Ozocubu's Refrigeration by Vehumet.
 24775 | Orc:2    | Entered Level 2 of the Orcish Mines
 24776 | Orc:2    | Found a staircase to the Elven Halls.
 25055 | Orc:2    | Noticed Azrael
 25061 | Orc:2    | Reached skill level 5 in Summonings
 25065 | Orc:2    | HP: 2/107 [Azrael/fireball (12)]
 25066 | Orc:2    | Killed from afar by Azrael

Vault maps used:
D:1:      dpeg_arrival_prison
D:2:      grunt_temple_overflow_open, tgw_xom, first_bread
D:3:      grunt_temple_overflow_order_and_chaos_2,
          gammafunk_temple_overflow_claw, st_stairs_12,
          minmay_misc_feat_nine_boxes, kennysheep_slug_shrine
D:4:      uniq_robin
D:5:      old_forge, basic_altar
D:6:      nicolae_overflow_crystal_walls, sigmund_army
D:8:      gup_ossuary_entry_pyramid, hangedman_little_slice_of_home
D:9:      erik_lair_orcish_takeover, david_orc_3, dk_rats_in_the_wall,
          uniq_psyche
D:10:     serial_shops, nicolae_shop_crystal, uniq_grum, uniq_urug
Temple:   minmay_temple_curvy_loop
Lair:1:   grunt_forest_large_clearings, infiniplex_staircase_pool_2
Lair:2:   swamp_mist_pool, grunt_megastairs_1, uniq_nergalle
Lair:3:   nicolae_spider_entry_tight_spaces, special_room, minivault_11,
          st_stairs_4, grunt_megastairs_4, uniq_harold, uniq_gastronok,
          uniq_snorg
Lair:4:   uniq_kirke, uniq_rupert
Lair:5:   minmay_slime_entry_oklob_open
Lair:6:   due_jungle_book, serial_bayou_pond_d
Orc:1:    serial_shops
Orc:2:    pf_orc_diabolical, basic_altar, uniq_maurice, uniq_azrael
Ossuary:  ossuary_zaba_flooded

Skill      XL: |  1  2  3  4  5  6  7  8  9 10 11 12 13 14 |
---------------+-------------------------------------------+-----
Conjurations   | 5 6 7 8 10 11 12 | 12.2
Spellcasting   | 3 4 5 6 9 10 11 | 11.6
Hexes          | 2 3 4 |  4.5
Charms         | 3 6 |  6.0
Dodging        | 3 8 |  8.1
Shields        | 3 5 |  5.0
Fighting       | 5 |  5.0
Air Magic      | 4 9 10 | 10.4
Ice Magic      | 4 7 |  7.5
Summonings     | 2 5 |  5.0
Stealth        | |  1.7

Action                   |  1- 3 |  4- 6 |  7- 9 | 10-12 | 13-15 || total
-------------------------+-------+-------+-------+-------+-------++-------
Melee: Unarmed           |    18 |       |       |       |       ||    18
       Tailslap          |     9 |     1 |     2 |     3 |    28 ||    43
       Club              |    21 |     3 |       |       |       ||    24
       Trident           |       |    13 |    13 |       |       ||    26
       Whip              |       |       |    27 |       |       ||    27
       War axe           |       |       |       |    42 |   258 ||   300
       Staff             |       |       |       |     1 |     1 ||     2
 Cast: Magic Dart        |    85 |   107 |   238 |   378 |   181 ||   989
       Searing Ray       |       |     8 |    19 |     2 |     1 ||    30
       Fulminant Prism   |       |       |    20 |    33 |     7 ||    60
       Iskenderun's Batt |       |       |     7 |    86 |    39 ||   132
       Static Discharge  |       |       |       |    19 |    29 ||    48
       Lightning Bolt    |       |       |       |    11 |    16 ||    27
       Freezing Cloud    |       |       |       |       |    23 ||    23
 Abil: Breathe Steam     |       |       |     7 |     5 |     2 ||    14
  Use: Scroll            |     5 |     5 |     1 |    19 |     5 ||    35
       Potion            |       |     8 |     1 |     5 |    13 ||    27
 Stab: Invisible         |       |       |       |     3 |       ||     3
       Sleeping          |       |       |       |       |     1 ||     1
  Eat: Chunk             |     2 |     6 |    19 |    24 |    32 ||    83
       Beef jerky        |     1 |       |     1 |     1 |     2 ||     5
       Pizza             |       |       |     1 |       |       ||     1
       Meat ration       |       |       |       |     3 |       ||     3
       Fruit             |       |       |       |     4 |     1 ||     5
       Bread ration      |       |       |       |     1 |     1 ||     2
       Royal jelly       |       |       |       |     1 |     1 ||     2
Armor: Skin              |    21 |    20 |    41 |    56 |   116 ||   254
Dodge: Dodged            |    43 |    60 |    74 |   246 |   390 ||   813
Block: Buckler           |       |       |       |    53 |   147 ||   200
